 Dungeon Crawl Stone Soup version 0.29-a0-11-ga75d3d97ab (webtiles) character file.

Game seed: 141580852681854255

2996 a3don the Fighter (level 9, -5/101 HPs)
             Began as an Ogre Hedge Wizard on Jan 28, 2022.
             Was an Initiate of Vehumet.
             Slain by an ice beast (14 damage)
             ... on level 6 of the Dungeon.
             The game lasted 00:20:14 (9391 turns).

a3don the Fighter (Ogre Hedge Wizard)               Turns: 9391, Time: 00:20:14

Health: -5/101     AC:  3    Str: 16    XL:     9   Next: 83%
Magic:  15/17      EV:  9    Int: 19    God:    Vehumet [......]
Gold:   271        SH:  0    Dex:  8    Spells: 7/19 levels left

rFire   . . .      SeeInvis .   H - +5 mace
rCold   . . .      Faith    .   (no shield)
rNeg    . . .      Spirit   .   b - +0 robe
rPois   .          Reflect  .   c - +0 hat
rElec   .          Harm     .   (no cloak)
rCorr   +          Rampage  .   (gloves unavailable)
Will    .....                   (boots unavailable)
Stlth   +.........              C - amulet of the acrobat
HPRegen 0.26/turn               f - ring of resist corrosion
MPRegen 0.15/turn               (no ring)

@: no status effects
A: large, unfitting armour, tough skin 1
a: Renounce Religion


You were on level 6 of the Dungeon.
You worshipped Vehumet.
Vehumet was noncommittal.
You visited 2 branches of the dungeon, and saw 7 of its levels.

You collected 271 gold pieces.

Inventory:

Hand Weapons
 j - a +3 dagger
 p - a +0 morningstar
 B - a +0 giant spiked club
 E - a +2 dagger of venom
 H - a +5 mace (weapon)
Missiles
 i - 207 stones
 l - 59 sling bullets
 F - 6 curare-tipped darts
 G - 5 poisoned darts
Armour
 b - a +0 robe (worn)
 c - a +0 hat (worn)
Jewellery
 f - a ring of resist corrosion (left hand)
 C - an amulet of the acrobat (around neck)
 I - an amulet of guardian spirit
 K - a ring of protection from fire
Wands
 z - a wand of iceblast (2)
Scrolls
 a - a scroll of blinking {unknown}
 d - a scroll of brand weapon {unknown}
 e - a scroll of enchant armour {unknown}
 k - a scroll of acquirement {unknown}
 n - 4 scrolls of identify {unknown}
 o - a scroll of torment {unknown}
 q - a scroll of summoning {unknown}
 r - a scroll of fog {unknown}
 w - 2 scrolls of magic mapping {unknown}
 x - a scroll of fear {unknown}
 y - 2 scrolls of enchant weapon {unknown}
 A - a scroll of amnesia {unknown}
 J - a scroll of immolation {unknown}
 M - 3 scrolls of teleportation {unknown}
Potions
 g - a potion of attraction {unknown}
 h - a potion of curing {unknown}
 m - a potion of might {unknown}
 s - a potion of cancellation {unknown}
 t - a potion of experience
 u - a potion of heal wounds {unknown}
 v - a potion of brilliance {unknown}
 D - a potion of degeneration {unknown}
 L - 2 potions of mutation {unknown}


   Skills:
 + Level 10.0 Fighting
 * Level 6.6 Maces & Flails
 - Level 1.8 Dodging
 - Level 1.4 Stealth
 + Level 5.5 Spellcasting
 + Level 3.5 Conjurations
 - Level 6.4 Summonings
 - Level 1.5 Translocations
 * Level 1.1 Transmutations
 * Level 4.4 Air Magic
 * Level 4.3 Poison Magic


You had 7 spell levels left.
You knew the following spells:

 Your Spells              Type           Power      Damage    Failure   Level
a - Magic Dart            Conj           72%        1d6       2%          1
b - Call Imp              Summ           29%        N/A       1%          2
c - Mephitic Cloud        Conj/Pois/Air  20%        N/A       7%          3
d - Spider Form           Tmut/Pois      15%        N/A       12%         3
e - Swiftness             Air            22%        N/A       6%          3

Your spell library contained the following spells:

 Spells                   Type           Power      Damage    Failure   Level
 Blink                    Tloc           22%        N/A       10%         2
 Slow                     Hex            20%        N/A       12%         1
 Passwall                 Tmut/Erth      5%         N/A       14%         2
 Conjure Flame            Conj/Fire      11%        6-21      17%         3
 Ensorcelled Hibernation  Hex/Ice        10%        N/A       19%         2
 Anguish                  Hex/Necr       2%         N/A       75%         4


Dungeon Overview and Level Annotations

Branches:
Dungeon (6/15)             Temple (1/1) D:5

Altars:
Ashenzari
Cheibriados
Dithmenos
Elyvilon
Fedhas
Gozag
Hepliaklqana
Kikubaaqudgha
Makhleb
Nemelex Xobeh
Okawaru
Qazlal
Ru
Sif Muna
Trog
Uskayaw
Vehumet
Wu Jian
Xom
Yredelemnul
Zin

Shops:
D:5 *


Innate Abilities, Weirdness & Mutations

You are too large for most types of armour.
You have tough skin. (AC +1)


Message History

You sock the ice beast!
The ice beast is heavily wounded.
Your crimson imp blinks!
The ice beast hits you but does no damage.
You completely miss the ice beast.
The ice beast is heavily wounded.
The ice beast hits you. The ice beast freezes you!
* * * LOW HITPOINT WARNING * * *
You closely miss the ice beast. Your punch misses the ice beast.
The ice beast is heavily wounded.
Your crimson imp blinks!
The ice beast barely misses you. The ice beast hits you.
* * * LOW HITPOINT WARNING * * *
The ice beast freezes you.
* * * LOW HITPOINT WARNING * * *
Okay, then.
Okay, then.
Okay, then.
It was a potion of experience.
You feel more experienced!
Your Fighting skill gained 6 levels and is now at level 10!
Your Maces & Flails skill gained 4 levels and is now at level 6!
Your Summonings skill gained 5 levels and is now at level 6!
You have reached level 9!
Your experience leads to an increase in your attributes!
Increase (S)trength, (I)ntelligence, or (D)exterity?
You feel clever. x2; You feel stronger.
The ice beast hits you but does no damage.
You closely miss the ice beast.
The ice beast is moderately wounded.
The ice beast hits you but does no damage.
You hit the ice beast.
The ice beast is heavily wounded.
The ice beast hits you but does no damage.
You barely miss the ice beast. You punch the ice beast.
The ice beast is heavily wounded.
The ice beast hits you.
* * * LOW HITPOINT WARNING * * *
The ice beast freezes you!
You die...

.# #. .$. #< #.. #..##.#
#... ....... #####..#.
....... ##.....#..
....... ##.........
.......##................
...!.?...................
#####<##@Y.........[....#
# #..5.>............
##................
##................#
##..#..............[ #
#..###..............
#.#.####.######.......
#.#.###..# ###.......
#.......#####.........


You could see an ice beast (ally target) and a friendly crimson imp (summoned).

Vanquished Creatures
  2 sky beasts (D:5)
  2 black bears
  An ogre (D:5)
  2 kobold brigands (D:5)
  A bullfrog (D:5)
  2 scorpions (D:5)
  A water moccasin skeleton (D:6)
  A bullfrog zombie (D:5)
  An orc priest (D:4)
  2 hounds (D:5)
  A jelly (D:5)
  A bullfrog skeleton (D:4)
  3 iguanas (D:5)
  2 orc wizards
  A hound skeleton (D:4)
  A howler monkey zombie (D:5)
  3 adders
  An adder skeleton (D:4)
  A worm (D:3)
  4 dart slugs
  7 orcs
  2 ball pythons
  5 bats
  6 endoplasms
  3 giant cockroaches
  3 goblins
  9 hobgoblins
  2 quokkas
  3 frilled lizards
  9 kobolds
  3 rats
85 creatures vanquished.

Vanquished Creatures (collateral kills)
  An ogre (D:5)
  A necrophage (D:5)
  A bullfrog skeleton (D:4)
  Ijyb (D:5)
  A howler monkey zombie (D:5)
  3 adders
  5 orcs
  2 ball pythons (D:3)
  2 endoplasms (D:1)
  A giant cockroach (D:3)
  A hobgoblin (D:5)
  2 jackals (D:1)
  4 kobolds
  A rat (D:1)
26 creatures vanquished.

Grand Total: 111 creatures vanquished

Notes
Turn   | Place    | Note
-------+----------+-------------------------------------------
     0 | D:1      | a3don the Ogre Hedge Wizard began the quest for the Orb.
     0 | D:1      | Reached XP level 1. HP: 16/16 MP: 5/5
    15 | D:1      | Reached skill level 1 in Conjurations
   166 | D:1      | Reached skill level 1 in Translocations
   221 | D:1      | Reached skill level 1 in Summonings
   315 | D:1      | Reached XP level 2. HP: 17/24 MP: 0/6
   498 | D:1      | Learned a level 2 spell: Call Imp
  1179 | D:1      | Reached XP level 3. HP: 32/32 MP: 5/8
  1368 | D:2      | Reached skill level 1 in Fighting
  1970 | D:2      | Found a faded altar of an unknown god.
  2041 | D:2      | Reached XP level 4. HP: 40/41 MP: 10/10
  2045 | D:2      | Learned a level 3 spell: Mephitic Cloud
  3732 | D:3      | Noticed a black bear
  3747 | D:3      | Killed a black bear
  3748 | D:3      | Reached skill level 2 in Fighting
  3748 | D:3      | Reached skill level 1 in Air Magic
  3748 | D:3      | Reached skill level 1 in Poison Magic
  3748 | D:3      | Reached XP level 5. HP: 35/50 MP: 6/11
  4050 | D:4      | Reached XP level 6. HP: 5/59 MP: 3/12
  5692 | D:5      | Entered Level 5 of the Dungeon
  5748 | D:5      | Reached skill level 3 in Fighting
  5748 | D:5      | Reached XP level 7. HP: 67/67 MP: 10/13
  6357 | D:5      | Noticed Ijyb
  6369 | D:5      | Killed Ijyb
  6793 | D:5      | Found Asia's Assorted Antiques.
  7068 | D:5      | Reached skill level 5 in Spellcasting
  7141 | D:5      | Reached skill level 4 in Fighting
  7337 | D:5      | Reached XP level 8. HP: 39/78 MP: 6/15
  7342 | D:5      | Reached skill level 1 in Maces & Flails
  8312 | D:5      | Found a staircase to the Ecumenical Temple.
  8317 | Temple   | Entered the Ecumenical Temple
  8602 | Temple   | Became a worshipper of Vehumet
  8900 | D:5      | Learned a level 3 spell: Spider Form
  9051 | D:5      | Learned a level 3 spell: Swiftness
  9201 | D:6      | Reached skill level 1 in Transmutations
  9388 | D:6      | Reached skill level 10 in Fighting
  9388 | D:6      | Reached XP level 9. HP: 11/101 MP: 14/17
  9391 | D:6      | Slain by an ice beast

Illustrated notes

Levels and vault maps discovered:
D:1:      eino_arrival_cavern_d, layout_rooms
D:2:      layout_loops_ring, ebering_ecumenical_altar_hall
D:3:      minmay_general_purpose_star, layout_loops_corners,
          serial_co_window_serial, co_window_paths_a, co_window_paths_a,
          co_window_paths_a, co_window_of_opportunity_a, co_window_paths_a,
          co_window_of_opportunity_b, co_window_2corner,
          co_window_of_opportunity_c, glass_columns_a, glass_columns_c,
          glass_columns_b, glass_columns_c
D:4:      layout_basic
D:5:      cheibrodos_thug_alley, layout_basic, minmay_temple_entry_nine_rooms,
          serial_shops, kennysheep_mini, uniq_ijyb
D:6:      black_bear_nest_2, layout_rooms
Temple:   roderic_octagonal_lattice_temple

Skill      XL: |  1  2  3  4  5  6  7  8 |
---------------+-------------------------+-----
Conjurations   | 1 2 3 |  3.5
Translocations | 1 |  1.5
Summonings     | 1 6 |  6.4
Fighting       | 1 2 3 4 10 | 10.0
Spellcasting   | 4 5 |  5.5
Air Magic      | 1 2 3 4 |  4.4
Poison Magic   | 1 2 3 4 |  4.3
Maces & Flails | 6 |  6.6
Transmutations | 1 |  1.1
Dodging        | |  1.8
Stealth        | |  1.4

Action                   |  1- 3 |  4- 6 |  7- 9 || total
-------------------------+-------+-------+-------++-------
Melee: Dagger            |    60 |    66 |   131 ||   257
       Punch             |     1 |     1 |     1 ||     3
       Mace              |       |       |     9 ||     9
       Unarmed           |       |       |     5 ||     5
 Cast: Magic Dart        |    27 |    77 |    36 ||   140
       Call Imp          |     8 |    12 |    17 ||    37
       Mephitic Cloud    |       |     1 |    14 ||    15
       Spider Form       |       |       |     1 ||     1
  Use: Potion            |       |       |     1 ||     1
 Stab: Distracted        |       |     1 |       ||     1
       Sleeping          |       |     1 |       ||     1
       Confused          |       |       |     4 ||     4
Armor: Robe              |    21 |    13 |    27 ||    61
Dodge: Dodged            |    35 |    31 |    65 ||   131

Table legend: (Time is in decaauts)
 A = Elapsed time spent in this place.
 B = Non-inter-level travel time spent in this place.
 C = Inter-level travel time spent in this place.
 D = Time resting spent in this place.
 E = Time spent auto-exploring this place.
 F = Levels seen in this place.
 G = Mean time per level.
                   A        B        C        D        E       F      G
               +--------+--------+--------+--------+--------+-----+--------+
         Total |   9391 |   9126 |    265 |   2672 |   5350 |   7 | 1341.6 |
       Dungeon |   9091 |   8860 |    231 |   2672 |   5107 |   6 | 1515.2 |
        Temple |    299 |    265 |     34 |      0 |    243 |   1 |  299.0 |
               +--------+--------+--------+--------+--------+-----+--------+

Top non-repeatable levels by time:
     D:5: 2523 daAuts
     D:4: 2250 daAuts
     D:3: 1638 daAuts
     D:1: 1341 daAuts
     D:2: 976 daAuts
     D:6: 361 daAuts
  Temple: 299 daAuts
